 Dungeon Crawl Stone Soup version 0.22-a0-515-g75794bf (webtiles) character file.

14570 kae the Destroyer (level 12, -1/79 HPs)
             Began as a Tengu Fire Elementalist on June 19, 2018.
             Was an Elder of Vehumet.
             Slain by a killer bee (6 damage)
             ... on level 1 of the Lair of Beasts.
             The game lasted 00:21:50 (19657 turns).

kae the Destroyer (Tengu Fire Elementalist)        Turns: 19657, Time: 00:21:51

Health: -1/79      AC:  6    Str: 11    XL:     12   Next: 17%
Magic:  1/22       EV: 14    Int: 26    God:    Vehumet [****..]
Gold:   642        SH:  5    Dex: 15    Spells: 7/23 levels left

rFire    + . .     SeeInvis .   f - +2 short sword (venom)
rCold    . . .     Gourm    .   m - +0 buckler
rNeg     . . .     Faith    .   z - +0 troll leather armour
rPois    .         Spirit   .   (helmet restricted)
rElec    .         Reflect  .   (no cloak)
rCorr    .         Harm     .   (no gloves)
MR       .....     Clarity  +   (boots unavailable)
Stlth    +.........             (no amulet)
HPRegen  0.63/turn              s - ring "Toptiky" {rF+ Str+2 Slay+2}
MPRegen  0.18/turn              v - ring of Jyrom {Int+6 Stlth-}

@: lethally poisoned (-1 -> -8)
A: beak, talons 3, yellow scales 1, blurry vision 1, clarity, robust 1,
evolution 1, MP-powered wands, able to fly 1, sturdy frame 1
a: Fly, Renounce Religion


You were on level 1 of the Lair of Beasts.
You worshipped Vehumet.
Vehumet was greatly pleased with you.
You were hungry.

You visited 3 branches of the dungeon, and saw 12 of its levels.

You collected 642 gold pieces.

Inventory:

Hand Weapons
 f - a +2 short sword of venom (weapon)
Armour
 a - a +1 robe
 m - a +0 buckler (worn)
 z - a +0 troll leather armour (worn)
Jewellery
 p - an uncursed amulet of rage
 s - the ring "Toptiky" (left hand) {rF+ Str+2 Slay+2}
   (You found it on level 6 of the Dungeon)

   [ring of strength]

   It affects your strength (+2).
   It affects your accuracy and damage with ranged weapons and melee attacks
   (+2).
   It protects you from fire.
 v - the ring of Jyrom (right hand) {Int+6 Stlth-}
   (You found it on level 6 of the Dungeon)

   [ring of loudness]

   It affects your intelligence (+6).
   It makes you less stealthy.
Wands
 q - a wand of iceblast (9)
 A - a wand of flame (30)
Scrolls
 b - a scroll of fog
 d - 4 scrolls of enchant armour
 g - 6 scrolls of remove curse
 i - a scroll of magic mapping
 j - a scroll of amnesia
 r - 2 scrolls of blinking
 w - 5 scrolls of teleportation
 y - 2 scrolls of enchant weapon
 B - a scroll of fear
 C - a scroll of holy word {unknown}
Potions
 e - 2 potions of mutation
 h - 4 potions of agility
 k - a potion of haste
 l - 3 potions of might
 n - 2 potions of curing
 o - a potion of flight
 t - 3 potions of brilliance
 u - 2 potions of resistance
 x - a potion of lignification
Comestibles
 c - 23 rations


   Skills:
 + Level 7.6 Fighting
 * Level 4.7 Dodging
 - Level 2.0 Stealth
 - Level 4.0 Shields
 + Level 6.4 Spellcasting
 * Level 13.8 Conjurations
 * Level 12.2 Fire Magic


You had 7 spell levels left.
You knew the following spells:

 Your Spells              Type           Power        Failure   Level  Hunger
a - Flame Tongue          Conj/Fire      #####        1%          1    None
b - Throw Flame           Conj/Fire      ######       1%          2    None
c - Conjure Flame         Conj/Fire      ######..     1%          3    None
d - Sticky Flame          Conj/Fire      ######..     1%          4    ###....
e - Fireball              Conj/Fire      ######....   1%          5    #####..
f - Shock                 Conj/Air       ####         1%          1    None

Your spell library contained the following spells:

 Spells                   Type           Power        Failure   Level  Hunger
 Spider Form              Tmut/Pois      #.........   22%         3    None
 Blade Hands              Tmut           #.........   89%         5    #####..
 Ice Form                 Ice/Tmut       #.......     56%         4    ###....
 Sticks to Snakes         Tmut           #.......     11%         2    None
 Inner Flame              Hex/Fire       #####...     1%          3    None
 Beastly Appendage        Tmut           #.....       7%          1    None


Dungeon Overview and Level Annotations

Branches:
Dungeon (10/15)            Temple (1/1) D:6            Lair (1/6) D:10
    Orc (0/2) D:9

Altars:
Ashenzari
Cheibriados
Dithmenos
Elyvilon
Fedhas
Gozag
Hepliaklqana
Kikubaaqudgha
Makhleb
Nemelex Xobeh
Okawaru
Qazlal
Ru
Sif Muna
Trog
Uskayaw
Vehumet
Wu Jian
Xom
Yredelemnul
Zin
The Shining One

Annotations:
D:2 Sigmund
D:7 Joseph
Lair:1 3 runed doors, kae's ghost, journeyman MiFi


Innate Abilities, Weirdness & Mutations

You have a beak for a mouth.
You have claws for feet.
You can fly.
You are partially covered in yellow scales. (AC +2)
Scrolls take you a little longer to read.
You possess an exceptional clarity of mind.
You are robust. (+10% HP)
You evolve.
You expend magic power (3 MP) to strengthen your wands.
Your movements are slightly less encumbered by armour. (ER -2)


Message History

Aiming: Flame Tongue (safe; 1% risk of failure)
Press: ? - help, Shift-Dir - straight line, f/p - killer bee
Aim: a killer bee (almost dead)
The flame tongue hits the killer bee.
You kill the killer bee!
Vehumet accepts your kill.
You feel your power returning.
* * * LOW HITPOINT WARNING * * *
You feel sick. The killer bee stings you.
* * * LOW HITPOINT WARNING * * *
You block the killer bee's attack.
Casting: Flame Tongue (safe; 1% risk of failure)
Confirm with . or Enter, or press ? or * to list all spells.
Aiming: Flame Tongue (safe; 1% risk of failure)
Press: ? - help, Shift-Dir - straight line, f - killer bee
Aim: a killer bee The flame tongue misses the killer bee.
* * * LOW HITPOINT WARNING * * *
You feel sick. The killer bee barely misses you. The killer bee stings you.
You die...

#..## #................# # #...#
##..........(...P# ### #...####
#...............####.#
##.....#####...................#.
##......##.......................
#P.............##.........##.....
###.........#####.........#####..
#.......### ##.†.......# ###
##.....### #@y†......## #
#P....## ###.......# # ##.....#
#.......#* ....#..# #........*
...##..## *#.......## ........#
*........# ..#.....# ##.......#
..###...## #..y$...# ### ###..#
#.......#


You could see a killer bee.

Vanquished Creatures
  3 two-headed ogres
  2 spiny frogs (Lair:1)
  2 trolls
  3 blink frogs (Lair:1)
  3 hippogriffs
  A spriggan (D:7)
  A wyvern (Lair:1)
  A hungry ghost (D:5)
  A basilisk (Lair:1)
  18 yaks
  Grum (D:8)
  A soldier ant (D:10)
  2 water moccasins
  2 porcupines
  3 sky beasts
  4 ice beasts
  4 orc warriors
  A phantom (D:7)
  A black bear (D:9)
  A necrophage (D:5)
  An eye of draining (D:9)
  4 ogres
  3 wolves
  7 centaurs
  A crocodile (Lair:1)
  A big kobold (D:8)
  Blork the orc (D:6)
  2 gnoll sergeants
  11 bullfrogs
  4 scorpions
  27 killer bees
  10 wights (D:8)
  6 howler monkeys
  2 crimson imps
  A centaur skeleton (D:9)
  An orc priest (D:4)
  3 hounds
  3 jellies
  2 hell rats (Lair:1)
  Terence (D:2)
  6 iguanas
  3 orc wizards
  7 worker ants
  3 hound zombies (D:5)
  A worker ant zombie (D:10)
  A howler monkey zombie (D:5)
  A howler monkey skeleton (D:7)
  8 gnolls
  8 river rats (Lair:1)
  13 adders
  An ooze (D:2)
  2 adder zombies
  A worm (D:2)
  5 dart slugs
  7 leopard geckos
  19 orcs
  2 bats
  2 giant cockroaches
  4 goblins
  10 hobgoblins
  14 kobolds
  2 quokkas
  3 ball pythons
  3 frilled lizards
  A jackal skeleton (D:7)
  A leopard gecko skeleton (D:7)
  A leopard gecko zombie (D:7)
  3 rats
278 creatures vanquished.

Vanquished Creatures (others)
  2 fungi (D:10)
  3 plants (Lair:1)
5 creatures vanquished.

Grand Total: 283 creatures vanquished

Notes
Turn   | Place    | Note
-------+----------+-------------------------------------------
     0 | D:1      | kae the Tengu Fire Elementalist began the quest for the Orb.
     0 | D:1      | Reached XP level 1. HP: 10/10 MP: 4/4
   219 | D:1      | Reached skill level 2 in Conjurations
   219 | D:1      | Reached XP level 2. HP: 16/16 MP: 4/6
  1090 | D:2      | Reached skill level 1 in Fighting
  1090 | D:2      | Reached XP level 3. HP: 9/20 MP: 4/7
  1484 | D:2      | Found a glowing golden altar of the Shining One.
  1484 | D:2      | Found a sacrificial altar of Ru.
  1487 | D:2      | Found a white marble altar of Elyvilon.
  1521 | D:2      | Reached skill level 3 in Conjurations
  1538 | D:2      | HP: 1/20 [poisoned by an adder]
  1848 | D:2      | Gained mutation: You possess an exceptional clarity of mind. [potion of mutation]
  1848 | D:2      | Gained mutation: Scrolls take you a little longer to read. [potion of mutation]
  1848 | D:2      | Gained mutation: You expend magic power (3 MP) to strengthen your wands. [potion of mutation]
  1848 | D:2      | Gained mutation: You evolve. [potion of mutation]
  1899 | D:2      | Reached XP level 4. HP: 25/25 MP: 3/8
  1979 | D:2      | Noticed Terence
  1986 | D:2      | Killed Terence
  2553 | D:2      | Gained mutation: You can fly. [Tengu growth]
  2553 | D:2      | Reached XP level 5. HP: 30/30 MP: 9/9
  2575 | D:2      | Reached skill level 4 in Conjurations
  3159 | D:2      | Noticed Sigmund
  3549 | D:3      | Found an iron altar of Okawaru.
  3615 | D:3      | Learned a level 2 spell: Throw Flame
  3619 | D:3      | Learned a level 3 spell: Conjure Flame
  4985 | D:4      | Reached skill level 5 in Fire Magic
  5091 | D:4      | Reached XP level 6. HP: 35/35 MP: 10/10
  5271 | D:4      | Reached skill level 1 in Shields
  5728 | D:5      | Entered Level 5 of the Dungeon
  5802 | D:5      | Reached skill level 5 in Conjurations
  5949 | D:5      | Noticed a hungry ghost
  6176 | D:5      | Killed a hungry ghost
  6176 | D:5      | Reached XP level 7. HP: 40/40 MP: 1/11
  6286 | D:5      | Reached skill level 6 in Conjurations
  6887 | D:5      | Reached skill level 7 in Conjurations
  6887 | D:5      | Reached XP level 8. HP: 18/46 MP: 4/12
  8079 | D:6      | Got a crude lead ring
  8110 | D:6      | Reached skill level 8 in Conjurations
  8175 | D:6      | Noticed Blork the orc
  8203 | D:6      | Killed Blork the orc
  8421 | D:6      | Found a glowing silver altar of Zin.
  8616 | D:6      | Got a heavily runed bronze ring
  8635 | D:6      | Found a staircase to the Ecumenical Temple.
  8651 | D:6      | Reached XP level 9. HP: 52/52 MP: 3/14
  8770 | Temple   | Entered the Ecumenical Temple
  9115 | Temple   | Became a worshipper of Vehumet
  9535 | D:7      | Identified the ring "Toptiky" {rF+ Str+2 Slay+2} (You found it on level 6 of the Dungeon)
  9536 | D:7      | Identified the ring of Jyrom {Int+6 Stlth-} (You found it on level 6 of the Dungeon)
  9752 | D:7      | Learned a level 4 spell: Sticky Flame
  9816 | D:7      | Reached skill level 9 in Conjurations
  9967 | D:7      | Noticed Joseph
  9970 | D:7      | HP: 1/52 [Joseph/sling bullet (20)]
 10827 | D:7      | HP: 1/52 [Joseph/sling bullet (11)]
 11219 | D:7      | Found a blossoming altar of Fedhas.
 11258 | D:7      | Found a bloodstained altar of Trog.
 11259 | D:7      | Found an ornate altar of the Wu Jian Council.
 11259 | D:7      | Found a hide-covered altar of Uskayaw.
 11295 | D:7      | Found an ancient bone altar of Kikubaaqudgha.
 11491 | D:8      | Noticed a two-headed ogre
 11500 | D:8      | Killed a two-headed ogre
 11500 | D:8      | Reached skill level 5 in Fighting
 11500 | D:8      | Reached skill level 10 in Conjurations
 11513 | D:8      | Gained mutation: You are robust. (+10% HP) [evolution]
 11514 | D:8      | Reached * piety under Vehumet
 11514 | D:8      | Offered knowledge of Sandblast by Vehumet.
 11653 | D:8      | Reached XP level 10. HP: 27/64 MP: 0/17
 11945 | D:8      | Noticed a two-headed ogre
 11963 | D:8      | Killed a two-headed ogre
 12223 | D:8      | Reached skill level 11 in Conjurations
 12231 | D:8      | Reached skill level 10 in Fire Magic
 12655 | D:8      | Offered knowledge of Shock by Vehumet.
 12811 | D:8      | Learned a level 5 spell: Fireball
 12813 | D:8      | Learned a level 1 spell: Shock
 12991 | D:8      | Noticed Grum
 13038 | D:7      | Reached ** piety under Vehumet
 13280 | D:8      | Killed Grum
 13857 | D:9      | Found a staircase to the Orcish Mines.
 13895 | D:9      | Reached skill level 5 in Spellcasting
 13995 | D:9      | Noticed a two-headed ogre
 14011 | D:9      | HP: 1/66 [two-headed ogre/giant club (14)]
 14013 | D:9      | Killed a two-headed ogre
 14013 | D:9      | Reached skill level 12 in Conjurations
 14365 | D:9      | Reached XP level 11. HP: 61/72 MP: 14/19
 14917 | D:9      | Found a deep blue altar of Sif Muna.
 15058 | D:9      | Gained mutation: You are partially covered in yellow scales. (AC +2) [evolution]
 15163 | D:9      | Offered knowledge of Ignite Poison by Vehumet.
 16033 | D:10     | Entered Level 10 of the Dungeon
 16289 | D:10     | Reached *** piety under Vehumet
 16626 | D:10     | Reached skill level 13 in Conjurations
 17025 | D:10     | Offered knowledge of Static Discharge by Vehumet.
 17228 | D:10     | Found a shimmering altar of Xom.
 17428 | D:10     | Found a staircase to the Lair.
 18139 | Lair:1   | Entered Level 1 of the Lair of Beasts
 18485 | Lair:1   | Gained mutation: Your movements are slightly less encumbered by armour. (ER -2) [evolution]
 18555 | Lair:1   | Found a runed gate.
 18555 | Lair:1   | Noticed a 12-headed hydra
 18556 | Lair:1   | Noticed kae's ghost (journeyman MiFi)
 18559 | Lair:1   | Found a runed gate.
 18559 | Lair:1   | Found a runed gate.
 18592 | Lair:1   | Reached XP level 12. HP: 45/79 MP: 8/22
 18881 | Lair:1   | Reached **** piety under Vehumet
 19616 | Lair:1   | Offered knowledge of Mephitic Cloud by Vehumet.
 19657 | Lair:1   | Slain by a killer bee

Vault maps used:
D:1:      dpeg_arrival_castle
D:2:      gammafunk_temple_overflow_claw, uniq_terence, uniq_sigmund
D:3:      okawaru_trees_2
D:5:      first_ration
D:6:      old_standard_altar, minmay_temple_entry_statues_fountains,
          uniq_blork_the_orc
D:7:      grunt_temple_overflow_growth_and_decay,
          gammafunk_temple_overflow_forgotten, minmay_misc_feat_doors,
          the_bakery, dk_noncrumbling_3, hangedman_abyss_or_decor_passed,
          uniq_joseph
D:8:      uniq_grum
D:9:      kennysheep_ambush_hall, lemuel_round_altar, orc_0_dummy
D:10:     grunt_lair_entry_orc_guard_hut, grunt_decor_one_mirror,
          david_defended_altar_elf
Temple:   minmay_temple_forest_path
Lair:1:   special_room, gammafunk_ghost_hydra_chop, kennysheep_rathole

Skill      XL: |  1  2  3  4  5  6  7  8  9 10 11 12 |
---------------+-------------------------------------+-----
Conjurations   | 2 3 4 5 7 8 10 12 13 | 13.8
Fighting       | 1 2 3 4 5 6 7 |  7.6
Fire Magic     | 4 5 6 7 9 10 12 | 12.2
Shields        | 1 2 3 4 |  4.0
Spellcasting   | 4 5 6 |  6.4
Dodging        | 3 4 |  4.7
Stealth        | |  2.0

Action                   |  1- 3 |  4- 6 |  7- 9 | 10-12 || total
-------------------------+-------+-------+-------+-------++-------
Melee: Unarmed           |    10 |       |       |       ||    10
       Kick              |     8 |    13 |     7 |    20 ||    48
       Short sword       |    16 |    58 |    29 |    60 ||   163
       Peck              |     1 |     6 |     8 |     8 ||    23
 Cast: Flame Tongue      |    33 |    88 |   193 |   302 ||   616
       Throw Flame       |       |    14 |    19 |   140 ||   173
       Conjure Flame     |       |     3 |    14 |    19 ||    36
       Shock             |       |       |       |     6 ||     6
       Sticky Flame      |       |       |       |    25 ||    25
       Fireball          |       |       |       |     5 ||     5
 Abil: Fly               |       |     1 |       |       ||     1
  Use: Scroll            |     4 |    10 |     6 |    10 ||    30
       Potion            |     1 |     2 |     2 |       ||     5
 Stab: Sleeping          |     2 |     2 |     2 |       ||     6
  Eat: Chunk             |     2 |    16 |    11 |    18 ||    47
       Ration            |       |       |     3 |     3 ||     6
Armor: Robe              |     6 |    14 |    13 |    14 ||    47
       Troll leather arm |       |       |       |     9 ||     9
Dodge: Dodged            |    20 |    47 |    49 |   147 ||   263
Block: Buckler           |       |     6 |    22 |    45 ||    73

Table legend:
 A = Spawn XP
 B = Non-spawn XP
 C = Spawn XP percentage of total XP
 D = Spawn monster count
 E = Non-spawn monster count
 F = Spawn count percentage of total count
 G = Total turns spent on level
                    A         B        C        D         E        F      G
               +---------+---------+-------+---------+---------+-------+---------
         Total |       0 |   20815 |   0.0 |       0 |     278 |   0.0 | 19657
               +---------+---------+-------+---------+---------+-------+---------
           D:1 |       0 |      28 |   0.0 |       0 |      14 |   0.0 |  1117
           D:2 |       0 |     155 |   0.0 |       0 |      24 |   0.0 |  2336
           D:3 |       0 |      61 |   0.0 |       0 |      17 |   0.0 |  1101
           D:4 |       0 |     126 |   0.0 |       0 |       9 |   0.0 |  1174
           D:5 |       0 |     971 |   0.0 |       0 |      17 |   0.0 |  1573
           D:6 |       0 |    1112 |   0.0 |       0 |      21 |   0.0 |  2629
           D:7 |       0 |    1073 |   0.0 |       0 |      19 |   0.0 |  1284
           D:8 |       0 |    4257 |   0.0 |       0 |      40 |   0.0 |  2227
           D:9 |       0 |    3837 |   0.0 |       0 |      30 |   0.0 |  2328
          D:10 |       0 |    4001 |   0.0 |       0 |      42 |   0.0 |  2002
        Lair:1 |       0 |    5194 |   0.0 |       0 |      45 |   0.0 |  1518
               +---------+---------+-------+---------+---------+-------+---------
